 Dungeon Crawl Stone Soup version 0.21.0-30-g47ce8e4 (webtiles) character file.

17688 troglodite the Thaumaturge (level 12, -29/94 HPs)
             Began as a Gnoll Skald on Jan 28, 2018.
             Was an Elder of Dithmenos.
             Annihilated by an ettin
             ... wielding a +0 dire flail of crushing
              (30 damage)
             ... on level 1 of the Orcish Mines.
             The game lasted 01:27:52 (19007 turns).

troglodite the Thaumaturge (Gnoll Skald)           Turns: 19007, Time: 01:27:54

Health: -29/94     AC: 11    Str: 19    XL:     12   Next: 50%
Magic:  24/24      EV: 15    Int: 16    God:    Dithmenos [****..]
Gold:   499        SH: 11    Dex: 17    Spells: 21/28 levels left

rFire    . . .     SeeInvis +   l - +6 morningstar of Giqiysuo {pain, rElec rN+}
rCold    . . .     Gourm    .   G - +0 shield
rNeg     + + .     Faith    +   h - +0 ring mail
rPois    .         Spirit   .   (no helmet)
rElec    +         Reflect  .   a - +1 cloak
rCorr    .         Harm     .   y - +0 pair of gloves
MR       .....                  A - +0 pair of boots
Stlth    ++++......             D - amulet of Qoiwezon {Faith *Drain Str+3 SInv}
HPRegen  0.25/turn              B - ring of positive energy
MPRegen  0.19/turn              (no ring)

@: wreathed by umbra
A: distributed training, fangs 1, strong nose
a: Shadow Step, Renounce Religion


You were on level 1 of the Orcish Mines.
You worshipped Dithmenos.
Dithmenos was greatly pleased with you.
You were not hungry.

You visited 3 branches of the dungeon, and saw 14 of its levels.

You collected 889 gold pieces.
You spent 390 gold pieces at shops.

Inventory:

Hand Weapons
 l - the +6 morningstar of Giqiysuo (weapon) {pain, rElec rN+}
   (You bought it in a shop on level 8 of the Dungeon)

   In the hands of one skilled in necromantic magic, it inflicts extra damage on
   living creatures.
   It insulates you from electricity.
   It protects you from negative energy.
 p - a +1 whip of electrocution
Armour
 a - a +1 cloak (worn)
 h - a +0 ring mail (worn)
 y - a +0 pair of gloves (worn)
 z - the +4 chain mail of Inevitability {+Blink Str+9 Int-5 SInv}
   (You found it on level 6 of the Dungeon)

   It affects your strength (+9).
   It affects your intelligence (-5).
   It lets you see invisible.
   It lets you blink.
 A - a +0 pair of boots (worn)
 G - a +0 shield (worn)
Jewellery
 B - a ring of positive energy (left hand)
 D - the amulet of Qoiwezon (around neck) {Faith *Drain Str+3 SInv}
   (You found it on level 9 of the Dungeon)

   [amulet of faith]

   It allows you to gain divine favour quickly.
   It affects your strength (+3).
   It lets you see invisible.
   It causes draining when unequipped.
Wands
 C - a wand of digging (3)
Scrolls
 e - 2 scrolls of teleportation
 g - 4 scrolls of remove curse
 k - 2 scrolls of fog {unknown}
 m - 4 scrolls of enchant weapon {unknown}
 n - a scroll of fear {unknown}
 o - 2 scrolls of magic mapping
 q - 2 scrolls of random uselessness {unknown}
 t - 3 scrolls of amnesia {unknown}
 x - 3 scrolls of enchant armour {unknown}
Potions
 b - a potion of lignification
 f - 2 potions of agility
 i - a potion of brilliance
 j - a potion of might
 r - 3 potions of heal wounds
 s - a potion of invisibility {unknown}
 v - 2 potions of flight
 w - a potion of berserk rage {unknown}
 E - a potion of mutation {unknown}
 I - a potion of haste {unknown}
Books
 c - a book of Battle

   Spells                             Type                      Level
   a - Infusion                       Charms                       1
   b - Shroud of Golubria             Charms/Translocation         2
   c - Song of Slaying                Charms                       2
   d - Spectral Weapon                Hexes/Charms                 3
   e - Regeneration                   Charms/Necromancy            3
 H - a book of Transfigurations

   Spells                             Type                      Level
   a - Irradiate                      Conjuration/Transmutation    5
   b - Statue Form                    Transmutation/Earth          6
   c - Hydra Form                     Transmutation                6
   d - Dragon Form                    Transmutation                7
Comestibles
 d - 16 rations
 u - 5 chunks of flesh


   Skills:
 + Level 8.6 Fighting
 + Level 7.2 Short Blades
 + Level 8.6 Long Blades
 + Level 7.2 Axes
 + Level 7.2 Maces & Flails
 + Level 7.2 Polearms
 + Level 7.2 Staves
 + Level 7.2 Slings
 + Level 7.2 Bows
 + Level 7.2 Crossbows
 + Level 7.2 Throwing
 + Level 7.7 Armour
 + Level 8.6 Dodging
 + Level 7.2 Stealth
 + Level 7.2 Shields
 + Level 7.2 Unarmed Combat
 + Level 8.9 Spellcasting
 + Level 6.0 Conjurations
 + Level 6.0 Hexes
 + Level 8.2 Charms
 + Level 6.0 Summonings
 + Level 6.0 Necromancy
 + Level 6.0 Translocations
 + Level 6.0 Transmutations
 + Level 6.0 Fire Magic
 + Level 6.0 Ice Magic
 + Level 6.0 Air Magic
 + Level 6.0 Earth Magic
 + Level 6.0 Poison Magic
 + Level 7.9 Invocations
 + Level 7.2 Evocations


You had 21 spell levels left.
You knew the following spells:

 Your Spells              Type           Power        Failure   Level  Hunger
a - Infusion              Chrm           ####         1%          1    None
b - Spectral Weapon       Hex/Chrm       ####....     7%          3    #......
c - Regeneration          Chrm/Necr      ####......   7%          3    #......


Dungeon Overview and Level Annotations

Branches:
Dungeon (12/15)            Temple (1/1) D:7            Lair (0/6) D:10
    Orc (1/2) D:11

Altars:
Ashenzari
Cheibriados
Dithmenos
Elyvilon
Fedhas
Gozag
Hepliaklqana
Kikubaaqudgha
Makhleb
Nemelex Xobeh
Okawaru
Qazlal
Ru
Sif Muna
Trog
Uskayaw
Vehumet
Wu Jian
Xom
Yredelemnul
Zin
The Shining One
Beogh

Shops:
D:8 ?(}   D:10 (!}

Annotations:
D:5 2 transporters


Innate Abilities, Weirdness & Mutations

Your experience applies equally to all skills.
You have very sharp teeth.
Your uncanny sense of smell can sniff out nearby items.


Message History

Magic restored.
You start resting.
HP restored.
Unknown command.
You climb downwards.
Welcome back to the Orcish Mines!
An orc comes into view. It is wielding a flail.
The orc shouts!
The orc priest invokes the aid of Beogh against you.
Beogh smites you! The ogre misses you. You block the orc's attack. x2
The orc priest invokes the aid of Beogh against you.
Beogh smites you! You block the ettin's attack. x2
The orc warrior misses you.
There is a staircase back to the Dungeon, spattered with blood here.
The orc warrior hits you with a mace! The orc barely misses you.
The orc warrior hits you with a short sword.
You block the orc's attack. The ogre hits you but does no damage.
The ettin hits you with a dire flail of crushing!!!
* * * LOW HITPOINT WARNING * * *
x2 The ettin hits you with a dire flail!!
You die...

............ .
........... .#
....$$....##.#
..........#.. .
$........#
...#..o..o.###.
......oo.......
....ooo@o......
.....ooCO......
...............
...oo$.........
.........#.....
#..............
....#..... ....
#..............


You could see an ettin, 4 orc warriors, an ogre, 2 orc priests, an orc wizard
and 5 orcs.

Vanquished Creatures
  The ghost of p0werm0de the Martial Artist, a journeyman OpGl of Ru (D:12)
  A hydra (D:8)
  A two-headed ogre (D:11)
  Nergalle (D:12)
  3 unseen horrors (D:12)
  A wolf spider zombie (D:12)
  2 manticores (D:12)
  A centaur zombie (D:12)
  Joseph (D:8)
  2 gargoyles
  Psyche (D:9)
  A komodo dragon (D:10)
  A tengu conjurer (D:11)
  A troll (D:9)
  A hornet (D:11)
  The ghost of tidbits the Insei, an amateur GnTm (D:4)
  2 dream sheep (D:8)
  2 hippogriffs
  A wyvern (D:11)
  9 yaks
  Grum (D:8)
  A hungry ghost (D:11)
  Eustachio (D:6)
  Menkaure (D:6)
  An acid dragon (D:11)
  2 soldier ants
  Edmund (D:5)
  A water moccasin (D:10)
  Duvessa (D:5)
  An ice beast (D:10)
  5 orc warriors
  A black bear (D:10)
  3 sky beasts
  3 wolves (D:8)
  3 centaurs
  A necrophage (D:11)
  6 phantoms
  5 ogres
  2 bullfrogs
  3 big kobolds (D:8)
  A gnoll sergeant (D:11)
  Dowan (D:5)
  A wyvern skeleton (D:10)
  A scorpion (D:7)
  21 killer bees
  11 crimson imps
  A quasit (D:7)
  6 hounds
  4 jellies
  Crazy Yiuf (D:5)
  4 bullfrog zombies
  2 centaur skeletons
  10 orc priests
  2 bullfrog skeletons
  A gnoll shaman (D:4)
  2 iguanas
  5 worker ants
  12 orc wizards
  3 hound zombies
  17 gnolls
  19 adders
  3 howler monkey skeletons
  3 shadow imps
  An ooze (D:4)
  3 adder skeletons
  2 adder zombies (D:6)
  5 worms
  2 dart slugs
  6 leopard geckos
  44 orcs
  3 bats
  6 giant cockroaches
  6 hobgoblins
  10 jackals
  4 kobolds
  6 quokkas
  A ball python (D:3)
  5 frilled lizards
  5 goblins
  8 rats
325 creatures vanquished.

Vanquished Creatures (others)
  An orc wizard (D:11)
  An orc (Orc:1)
  A plant (D:10)
  6 spectral weapons
9 creatures vanquished.

Grand Total: 334 creatures vanquished

Notes
Turn   | Place    | Note
-------+----------+-------------------------------------------
     0 | D:1      | troglodite the Gnoll Skald began the quest for the Orb.
     0 | D:1      | Reached XP level 1. HP: 20/20 MP: 6/6
   135 | D:1      | Reached XP level 2. HP: 10/26 MP: 7/7
   807 | D:2      | Found a burning altar of Makhleb.
   822 | D:2      | Reached skill level 5 in Spellcasting
   822 | D:2      | Reached skill level 1 in Invocations
   822 | D:2      | Reached XP level 3. HP: 23/31 MP: 7/9
   870 | D:2      | Reached skill level 1 in Short Blades
   870 | D:2      | Reached skill level 1 in Axes
   870 | D:2      | Reached skill level 1 in Maces & Flails
   870 | D:2      | Reached skill level 1 in Polearms
   870 | D:2      | Reached skill level 1 in Staves
   870 | D:2      | Reached skill level 1 in Slings
   870 | D:2      | Reached skill level 1 in Bows
   870 | D:2      | Reached skill level 1 in Crossbows
   870 | D:2      | Reached skill level 1 in Throwing
   870 | D:2      | Reached skill level 1 in Stealth
   870 | D:2      | Reached skill level 1 in Shields
   870 | D:2      | Reached skill level 1 in Unarmed Combat
   870 | D:2      | Reached skill level 1 in Evocations
   920 | D:2      | Reached XP level 4. HP: 16/38 MP: 11/11
  1442 | D:2      | Learned a level 3 spell: Spectral Weapon
  1446 | D:2      | Learned a level 3 spell: Regeneration
  1464 | D:2      | Reached skill level 1 in Conjurations
  1464 | D:2      | Reached skill level 1 in Hexes
  1464 | D:2      | Reached skill level 1 in Summonings
  1464 | D:2      | Reached skill level 1 in Necromancy
  1464 | D:2      | Reached skill level 1 in Translocations
  1464 | D:2      | Reached skill level 1 in Transmutations
  1464 | D:2      | Reached skill level 1 in Fire Magic
  1464 | D:2      | Reached skill level 1 in Ice Magic
  1464 | D:2      | Reached skill level 1 in Air Magic
  1464 | D:2      | Reached skill level 1 in Earth Magic
  1464 | D:2      | Reached skill level 1 in Poison Magic
  1955 | D:2      | Found a sparkling altar of Nemelex Xobeh.
  2084 | D:2      | Reached XP level 5. HP: 43/43 MP: 12/12
  2167 | D:3      | Upgraded the game from 0.21.0-26-g889b8f6 to 0.21.0-30-g47ce8e4
  2168 | D:3      | Found a radiant altar of Vehumet.
  2324 | D:3      | Found an ornate altar of the Wu Jian Council.
  2712 | D:3      | Found a shimmering altar of Xom.
  2712 | D:3      | Found a shimmering altar of Xom.
  2712 | D:3      | Found a shimmering altar of Xom.
  2712 | D:3      | Found a shimmering altar of Xom.
  2713 | D:3      | Found a shimmering altar of Xom.
  2714 | D:3      | Found a shimmering altar of Xom.
  3037 | D:3      | Reached XP level 6. HP: 46/50 MP: 11/13
  3159 | D:4      | Found a shimmering altar of Xom.
  3160 | D:4      | Noticed a phantom
  3453 | D:3      | Killed a phantom
  3453 | D:3      | Reached skill level 5 in Fighting
  3453 | D:3      | Reached skill level 5 in Long Blades
  3453 | D:3      | Reached skill level 5 in Dodging
  3731 | D:4      | Reached XP level 7. HP: 14/56 MP: 12/15
  4082 | D:4      | Noticed tidbits's ghost (amateur GnTm)
  5513 | D:4      | Found a sacrificial altar of Ru.
  5650 | D:4      | Killed tidbits's ghost
  5650 | D:4      | Reached XP level 8. HP: 36/63 MP: 13/16
  5843 | D:5      | Entered Level 5 of the Dungeon
  5870 | D:5      | Noticed Dowan
  5871 | D:5      | Noticed Duvessa
  5874 | D:5      | Found a blossoming altar of Fedhas.
  5884 | D:5      | Killed Duvessa
  5888 | D:5      | Killed Dowan
  5925 | D:5      | Found a transporter.
  5952 | D:5      | Found a transporter.
  6736 | D:5      | Noticed Edmund
  6743 | D:5      | Killed Edmund
  6790 | D:5      | You fall through a shaft for 2 floors!
  7017 | D:7      | Found a staircase to the Ecumenical Temple.
  7042 | D:7      | Reached XP level 9. HP: 69/69 MP: 14/18
  7077 | Temple   | Entered the Ecumenical Temple
  7221 | Temple   | Became a worshipper of Dithmenos the Shadowed
  7602 | D:6      | Noticed Eustachio
  8273 | D:7      | Reached skill level 5 in Armour
  8600 | D:7      | Reached * piety under Dithmenos
  8786 | D:6      | Noticed Menkaure
  9074 | D:6      | Killed Menkaure
  9411 | D:5      | Found a runed door.
  9416 | D:5      | Noticed Crazy Yiuf
  9422 | D:5      | Killed Crazy Yiuf
  9742 | D:6      | Reached skill level 5 in Invocations
  9960 | D:7      | Reached ** piety under Dithmenos
 10446 | D:6      | Killed Eustachio
 10465 | D:6      | Got a black opal-encrusted chain mail
 10499 | D:6      | Identified the +4 chain mail of Inevitability {+Blink Str+9 Int-5 SInv} (You found it on level 6 of the Dungeon)
 10627 | D:6      | Reached XP level 10. HP: 76/77 MP: 13/20
 10827 | D:6      | Found a snail-covered altar of Cheibriados.
 10973 | D:8      | Noticed Joseph
 11064 | D:8      | Found a stormy altar of Qazlal.
 11064 | D:8      | Found a hazy altar of Hepliaklqana.
 11101 | D:8      | Found a basalt altar of Yredelemnul.
 11213 | D:8      | Killed Joseph
 11289 | D:8      | Found Vyleg's Antique Weapon Boutique.
 11309 | D:8      | Bought a pitted morningstar for 315 gold pieces
 11309 | D:8      | Identified the +6 morningstar of Giqiysuo {pain, rElec rN+} (You bought it in a shop on level 8 of the Dungeon)
 11317 | D:8      | Reached skill level 5 in Short Blades
 11317 | D:8      | Reached skill level 5 in Axes
 11317 | D:8      | Reached skill level 5 in Maces & Flails
 11317 | D:8      | Reached skill level 5 in Polearms
 11317 | D:8      | Reached skill level 5 in Staves
 11317 | D:8      | Reached skill level 5 in Slings
 11317 | D:8      | Reached skill level 5 in Bows
 11317 | D:8      | Reached skill level 5 in Crossbows
 11317 | D:8      | Reached skill level 5 in Throwing
 11317 | D:8      | Reached skill level 5 in Stealth
 11317 | D:8      | Reached skill level 5 in Shields
 11317 | D:8      | Reached skill level 5 in Unarmed Combat
 11317 | D:8      | Reached skill level 5 in Evocations
 11354 | D:8      | Found Imugafu's Magic Scroll Shoppe.
 11563 | D:8      | Found Lynasita's Gadget Shop.
 12168 | D:8      | Noticed Grum
 12191 | D:8      | Killed Grum
 12559 | D:8      | Reached *** piety under Dithmenos
 12966 | D:8      | Noticed a three-headed hydra
 12970 | D:8      | Killed a three-headed hydra
 12973 | D:8      | Reached XP level 11. HP: 78/84 MP: 19/22
 13405 | D:9      | Found an iron altar of Okawaru.
 13411 | D:9      | Found an ornate altar of the Wu Jian Council.
 13508 | D:9      | Noticed Psyche
 13519 | D:9      | Killed Psyche
 13525 | D:9      | Found a shattered altar of Ashenzari.
 13562 | D:9      | Found a hide-covered altar of Uskayaw.
 13738 | D:8      | HP: 1/84 [yak (6)]
 13744 | D:8      | HP: 4/84 [killer bee (5)]
 14215 | D:9      | Got a warped steel amulet
 14227 | D:9      | Reached skill level 5 in Conjurations
 14227 | D:9      | Reached skill level 5 in Hexes
 14227 | D:9      | Reached skill level 5 in Summonings
 14227 | D:9      | Reached skill level 5 in Necromancy
 14227 | D:9      | Reached skill level 5 in Translocations
 14227 | D:9      | Reached skill level 5 in Transmutations
 14227 | D:9      | Reached skill level 5 in Fire Magic
 14227 | D:9      | Reached skill level 5 in Ice Magic
 14227 | D:9      | Reached skill level 5 in Air Magic
 14227 | D:9      | Reached skill level 5 in Earth Magic
 14227 | D:9      | Reached skill level 5 in Poison Magic
 14304 | D:10     | Entered Level 10 of the Dungeon
 14305 | D:10     | Found Weabrul's Antique Weapon Shoppe.
 14308 | D:10     | Found Atzingut's Distillery.
 14323 | D:10     | Bought a potion of heal wounds for 75 gold pieces
 14396 | D:10     | Reached **** piety under Dithmenos
 14562 | D:10     | Found a staircase to the Lair.
 15033 | D:10     | Found Huuceoch's Gadget Shoppe.
 15291 | D:11     | Identified the amulet of Qoiwezon {Faith *Drain Str+3 SInv} (You found it on level 9 of the Dungeon)
 16138 | D:11     | Noticed a two-headed ogre
 16148 | D:11     | Killed a two-headed ogre
 16266 | D:11     | Found a staircase to the Orcish Mines.
 16279 | D:11     | HP: 1/86 [yak (14)]
 17198 | D:11     | Found a roughly hewn altar of Beogh.
 17445 | D:12     | Noticed an unseen horror
 17450 | D:12     | Killed an unseen horror
 17450 | D:12     | Reached XP level 12. HP: 81/93 MP: 24/24
 17760 | D:12     | Noticed Nergalle
 17775 | D:12     | Killed Nergalle
 18221 | D:12     | Noticed p0werm0de's ghost (journeyman OpGl)
 18554 | D:12     | Killed p0werm0de's ghost
 18899 | Orc:1    | Entered Level 1 of the Orcish Mines
 18903 | Orc:1    | Noticed an ettin
 19007 | Orc:1    | HP: 1/94 [ettin/dire flail of crushing (10)]
 19007 | Orc:1    | Annihilated by an ettin

Skill      XL: |  1  2  3  4  5  6  7  8  9 10 11 12 |
---------------+-------------------------------------+-----
Spellcasting   | 5 6 7 8 |  8.9
Invocations    | 1 2 3 4 5 6 7 |  7.9
Short Blades   | 1 2 3 4 5 6 7 |  7.2
Axes           | 1 2 3 4 5 6 7 |  7.2
Maces & Flails | 1 2 3 4 5 6 7 |  7.2
Polearms       | 1 2 3 4 5 6 7 |  7.2
Staves         | 1 2 3 4 5 6 7 |  7.2
Slings         | 1 2 3 4 5 6 7 |  7.2
Bows           | 1 2 3 4 5 6 7 |  7.2
Crossbows      | 1 2 3 4 5 6 7 |  7.2
Throwing       | 1 2 3 4 5 6 7 |  7.2
Stealth        | 1 2 3 4 5 6 7 |  7.2
Shields        | 1 2 3 4 5 6 7 |  7.2
Unarmed Combat | 1 2 3 4 5 6 7 |  7.2
Evocations     | 1 2 3 4 5 6 7 |  7.2
Conjurations   | 1 2 3 4 5 6 |  6.0
Hexes          | 1 2 3 4 5 6 |  6.0
Summonings     | 1 2 3 4 5 6 |  6.0
Necromancy     | 1 2 3 4 5 6 |  6.0
Translocations | 1 2 3 4 5 6 |  6.0
Transmutations | 1 2 3 4 5 6 |  6.0
Fire Magic     | 1 2 3 4 5 6 |  6.0
Ice Magic      | 1 2 3 4 5 6 |  6.0
Air Magic      | 1 2 3 4 5 6 |  6.0
Earth Magic    | 1 2 3 4 5 6 |  6.0
Poison Magic   | 1 2 3 4 5 6 |  6.0
Armour         | 3 4 5 6 7 |  7.7
Fighting       | 5 6 7 8 |  8.6
Long Blades    | 5 6 7 8 |  8.6
Dodging        | 5 6 7 8 |  8.6
Charms         | 6 7 8 |  8.2

Action                   |  1- 3 |  4- 6 |  7- 9 | 10-12 || total
-------------------------+-------+-------+-------+-------++-------
Melee: Falchion          |    75 |   184 |       |       ||   259
       Bite              |     8 |    28 |    38 |    55 ||   129
       Whip              |       |    21 |   355 |    43 ||   419
       Punch             |       |     1 |     3 |     5 ||     9
       Morningstar       |       |       |       |   388 ||   388
 Cast: Spectral Weapon   |       |     8 |    35 |    37 ||    80
       Regeneration      |       |     1 |     1 |     3 ||     5
  Use: Scroll            |       |       |     5 |     6 ||    11
       Potion            |       |       |       |     5 ||     5
 Stab: Distracted        |       |     2 |     3 |     6 ||    11
       Sleeping          |       |       |     4 |     6 ||    10
  Eat: Chunk             |       |     7 |    15 |    15 ||    37
       Ration            |       |     1 |     3 |     4 ||     8
Armor: Leather armour    |     2 |       |       |       ||     2
       Ring mail         |    16 |    56 |    88 |   164 ||   324
Dodge: Dodged            |    57 |   140 |   306 |   445 ||   948
Block: Shield            |       |       |       |   133 ||   133
       Rpst.: Falchion   |    13 |    34 |       |       ||    47
